 Dungeon Crawl Stone Soup version 0.31-a0-986-g5e6e4ef867 (webtiles) character file.

Game seed: 4263404504394630872

10142 lunkers the Cruncher (level 12, -12/106 HPs)
             Began as a Meteoran Fighter on Nov 10, 2023.
             Was an Initiate of Ru.
             Mangled by a sun demon (18 damage)
             ... on level 11 of the Dungeon.
             The game lasted 00:13:38 (6202 turns).

lunkers the Cruncher (Meteoran Fighter)             Turns: 6202, Time: 00:13:39

Health: -12/106    AC: 18    Str: 18      XL:     12   Next: 15%
Magic:  13/13      EV: 19    Int:  9      God:    Ru [......]
Gold:   557        SH:  0    Dex: 17 (18) Spells: 11/11 levels left

rFire   . . .        a - +4 quarterstaff (drain)
rCold   . . .        (shield currently unavailable)
rNeg    . . .        k - +0 scale mail
rPois   .            l - +1 helmet
rElec   .            r - +2 cloak
rCorr   .            j - +0 pair of gloves
SInv    .            p - +2 pair of boots
Will    +....        (no amulet) Stlth
                     f - ring of flight
HPRegen 0.37/turn    m - +5 ring of evasion
MPRegen 0.13/turn

%: no passive effects
@: about to teleport, flying, glowing, studying Staves
A: dopey 1, sense surroundings 2, otherworldly, glowing, explore regen
a: Renounce Religion


You were on level 11 of the Dungeon.
You worshipped Ru.
Ru was noncommittal.
You visited 2 branches of the dungeon, and saw 12 of its levels.
You also visited: Sewer.

You collected 557 gold pieces.

Inventory:

Hand Weapons
 a - a +4 quarterstaff of draining (weapon)
 b - a +0 mace of protection
Missiles
 K - a throwing net
Armour
 c - a +0 buckler
 j - a +0 pair of gloves (worn)
 k - a +0 scale mail (worn)
 l - a +1 helmet (worn)
 p - a +2 pair of boots (worn)
 r - a +2 cloak (worn)
Jewellery
 f - a ring of flight (left hand)
 m - a +5 ring of evasion (right hand)
 q - a ring of fire
 G - a ring of see invisible
 I - a ring of resist corrosion
 J - an amulet of faith
Wands
 s - a wand of light (28)
 t - a wand of flame (3)
 y - a wand of mindburst (20)
 M - a wand of charming (6)
Scrolls
 g - 3 scrolls of torment
 i - 3 scrolls of blinking
 w - 2 scrolls of immolation
 A - 4 scrolls of teleportation
 D - a scroll of poison
 H - a scroll of enchant weapon
 L - a scroll of identify
Potions
 d - a potion of might
 e - a potion of lignification
 h - 2 potions of curing
 n - 2 potions of enlightenment
 o - 2 potions of haste
 u - 3 potions of attraction
 v - a potion of heal wounds
 x - a potion of brilliance
 z - a potion of berserk rage
 B - 5 potions of ambrosia
 C - a potion of degeneration
 E - a potion of invisibility
 F - 2 potions of mutation


   Skills:
 + Level 9.9 Fighting
 - Level 6.7(11.0) Maces & Flails
 + Level 12.5(13.0) Staves
 + Level 8.4 Armour
 + Level 9.2 Dodging
 - Level 3.2 Shields


You had 11 spell levels left.
You didn't know any spells.
Your spell library contained the following spells:

 Spells                   Type           Power      Damage    Failure   Level
 Apportation              Tloc           0%         N/A       73%         1
 Jinxbite                 Hex            0%         N/A       86%         2
 Ignite Poison            Fire/Tmut/Pois 0%         N/A       97%         3
 Sticky Flame             Conj/Fire      0%         2d3       100%        4
 Alistair's Intoxication  Tmut/Pois      0%         N/A       100%        5
 Ignition                 Fire           0%         3d3       100%        8


Dungeon Overview and Level Annotations

Branches:
Dungeon (11/15) Zot: 937   Temple (1/1) D:7 Zot: 569    Lair (0/5) D:9
  Sewer (visited)
    Orc: D:9-12

Altars:
Ashenzari
Cheibriados
Dithmenos
Elyvilon
Fedhas
Gozag
Hepliaklqana
Kikubaaqudgha
Makhleb
Nemelex Xobeh
Okawaru
Qazlal
Ru
Sif Muna
Trog
Uskayaw
Vehumet
Wu Jian
Xom
Yredelemnul
Zin
The Shining One

Shops:
D:10 [

Annotations:
D:11 Lodul


Innate Abilities, Weirdness & Mutations

You are dopey. (Int -2)
You passively map the area around you.
You are easily found by Zot.
You glow in the dark.
You regain HP and MP as you explore.


Message History

Okay, then.
You closely miss the sun demon.
The sun demon is moderately wounded.
The sun demon completely misses you.
Unknown command.
You hit the sun demon.
The sun demon is moderately wounded.
The sun demon hits you but does no damage.
Unknown command.
You hit the sun demon.
The sun demon is moderately wounded.
Unknown command.
You barely miss the sun demon.
The sun demon is moderately wounded.
The sun demon completely misses you.
You hit the sun demon but do no damage.
The sun demon is moderately wounded.
The sun demon hits you but does no damage.
You sock the sun demon!
The sun demon is heavily wounded.
The sun demon completely misses you.
You barely miss the sun demon.
The sun demon is heavily wounded.
An ogre comes into view. It is wielding a +0 giant club.
The ogre shouts!
You hit the sun demon but do no damage.
The sun demon is heavily wounded.
You hear an angry buzzing noise.
The sun demon hits you!!
* * * LOW HITPOINT WARNING * * *
You are engulfed in flames!!
* * * LOW HITPOINT WARNING * * *
As you read the scroll of teleportation, it crumbles to dust.
You feel strangely unstable.
A killer bee comes into view.
The sun demon barely misses you. The sun demon hits you!
* * * LOW HITPOINT WARNING * * *
You are engulfed in flames!!
You die...

* #...# * * , #...#
,,* #..O# ,, * ,
#.O.# , #..O# * **
#...# , #.O.# ** ,
####.OO########..
....y.O5.3@.......,,,
, * *
################## *
*


You could see a sun demon, 3 ogres, a killer bee and a quasit.

Vanquished Creatures
  3 two-headed ogres (D:10)
  The ghost of pigah the Changeling, a novice OpSh (D:7)
  Pikel (D:5)
  An elephant (D:9)
  A kobold demonologist (D:9)
  Jeremiah (D:6)
  A hornet (D:7)
  Sigmund (D:5)
  A shadow (D:9)
  Eustachio (D:6)
  9 yaks
  A wyvern (D:9)
  2 basilisks (D:9)
  A steam dragon (D:8)
  A water moccasin (D:9)
  2 ice beasts
  4 orc warriors
  A sky beast (D:8)
  3 black bears
  2 centaurs (D:9)
  2 phantoms
  2 lemures (D:5)
  2 kobold brigands
  Blork the orc (D:6)
  3 bullfrogs
  3 scorpions
  2 gnoll sergeants
  4 wights (D:9)
  15 killer bees
  6 howler monkeys (D:10)
  5 orc priests
  2 jellies (D:7)
  4 hounds
  3 gnoll boudas
  Crazy Yiuf (D:2)
  Ijyb (D:3)
  4 iguanas
  6 orc wizards
  Robin (D:2)
  14 gnolls
  12 adders
  3 river rats (Sewer)
  A white imp (D:5)
  2 ufetubi (D:5)
  3 worms
  2 dart slugs
  32 orcs
  7 ball pythons
  9 endoplasms
  4 giant cockroaches
  19 goblins
  6 hobgoblins
  8 jackals
  6 quokkas
  5 bats
  5 frilled lizards
  15 kobolds
  10 rats
268 creatures vanquished.

Vanquished Creatures (others)
  A yak (D:8)
1 creature vanquished.

Grand Total: 269 creatures vanquished

Notes
Turn   | Place    | Note
-------+----------+-------------------------------------------
     0 | D:1      | lunkers the Meteoran Fighter began the quest for the Orb.
     0 | D:1      | Reached XP level 1. HP: 19/19 MP: 2/2
    73 | D:1      | Reached XP level 2. HP: 21/26 MP: 3/3
   215 | D:1      | Reached XP level 3. HP: 25/31 MP: 4/4
   481 | D:1      | Glimpsed the power of Zot.
   529 | D:2      | Reached skill level 5 in Maces & Flails
   532 | D:2      | Reached XP level 4. HP: 30/38 MP: 5/5
   543 | D:2      | Noticed Robin
   576 | D:2      | Killed Robin
   785 | D:2      | Reached XP level 5. HP: 45/45 MP: 6/6
   851 | D:2      | Found a runed translucent door.
   852 | D:2      | Noticed Crazy Yiuf
   866 | D:2      | Killed Crazy Yiuf
  1058 | D:2      | Glimpsed the power of Zot.
  1080 | D:3      | Noticed Ijyb
  1088 | D:3      | Killed Ijyb
  1089 | D:3      | Reached skill level 1 in Staves
  1090 | D:3      | Reached skill level 2 in Staves
  1092 | D:3      | Reached XP level 6. HP: 49/51 MP: 7/7
  1148 | D:3      | Reached skill level 3 in Staves
  1591 | D:4      | Reached skill level 4 in Staves
  1603 | D:4      | Reached XP level 7. HP: 56/57 MP: 8/8
  1631 | D:4      | Reached skill level 5 in Staves
  1654 | D:4      | Reached skill level 6 in Staves
  1988 | D:4      | Reached skill level 7 in Staves
  2018 | D:4      | Reached XP level 8. HP: 63/63 MP: 9/9
  2140 | D:5      | Entered Level 5 of the Dungeon
  2243 | D:5      | Noticed Pikel
  2244 | D:5      | Noticed Sigmund
  2282 | D:5      | Killed Pikel
  2283 | D:5      | Reached skill level 9 in Staves
  2283 | D:5      | Reached skill level 1 in Dodging
  2291 | D:5      | Killed Sigmund
  2292 | D:5      | Gained mutation: You passively map the area around you.
                  | [Meteoran growth]
  2292 | D:5      | Reached XP level 9. HP: 31/72 MP: 10/10
  2491 | D:5      | You are sucked into a shaft and drop 3 floors!
  2503 | D:8      | Reached skill level 5 in Fighting
  2507 | D:8      | Identified the +0 ring mail of Gallantry {Harm}
  2738 | D:7      | Reached skill level 5 in Dodging
  2747 | D:7      | Found a staircase to the Ecumenical Temple.
  2762 | D:7      | Found a transporter.
  2762 | D:7      | Found a transporter.
  2771 | Temple   | Entered the Ecumenical Temple
  2786 | Temple   | Became a worshipper of Ru the Awakened
  2839 | D:7      | Noticed a hornet
  2843 | D:7      | Noticed pigah's ghost (novice OpSh)
  2908 | D:6      | Noticed Eustachio
  2930 | D:6      | Killed Eustachio
  2940 | D:6      | Noticed Jeremiah
  2967 | D:6      | Killed Jeremiah
  3229 | D:6      | Noticed Blork the orc
  3233 | D:6      | Reached XP level 10. HP: 84/84 MP: 11/11
  3239 | D:6      | Killed Blork the orc
  3405 | D:6      | Found a glowing drain.
  3414 | Sewer    | Entered a sewer
  3850 | D:6      | Found a hazy altar of Hepliaklqana.
  3894 | D:7      | Reached skill level 10 in Staves
  3907 | D:7      | Killed pigah's ghost
  3908 | D:7      | Reached skill level 5 in Armour
  3917 | D:7      | HP: 4/132 [killer bee (6)]
  3922 | D:7      | HP: 5/132 [killer bee (3)]
  4084 | D:7      | Found a radiant altar of Vehumet.
  4290 | D:8      | Reached XP level 11. HP: 86/94 MP: 12/12
  4294 | D:8      | Reached skill level 11 in Staves
  4895 | D:9      | Found an iron altar of Okawaru.
  4932 | D:9      | Found a glowing golden altar of the Shining One.
  5031 | D:9      | Found a staircase to the Lair.
  5031 | D:9      | Noticed an elephant
  5090 | D:9      | Killed an elephant
  5474 | D:10     | Entered Level 10 of the Dungeon
  5497 | D:10     | Noticed a two-headed ogre
  5509 | D:10     | Killed a two-headed ogre
  5510 | D:10     | Reached skill level 12 in Staves
  5892 | D:10     | Noticed a two-headed ogre
  5893 | D:10     | Identified a scroll of acquirement
  5893 | D:10     | Acquired a manual of Staves
  5894 | D:10     | Noticed a two-headed ogre
  5899 | D:10     | Gained mutation: You are dopey. (Int -2) [Ru sacrifice]
  5906 | D:10     | Killed a two-headed ogre
  5907 | D:10     | Reached XP level 12. HP: 106/106 MP: 13/13
  5921 | D:10     | Killed a two-headed ogre
  6038 | D:10     | Found Ewurphack's Armour Shoppe.
  6163 | D:11     | Noticed a sun demon
  6164 | D:11     | Noticed Lodul
  6202 | D:11     | Mangled by a sun demon

Illustrated notes

Levels and vault maps discovered:
D:1:      tekkud_arrival_beachfront_property, layout_basic
D:2:      minmay_angry_zag, layout_basic, uniq_crazy_yiuf_cottage, uniq_robin
D:3:      layout_rooms, uniq_ijyb
D:4:      layout_basic, minmay_starry_boxes
D:5:      layout_rooms, eino_tiny_chamber, nicolae_zen_rock_garden,
          kennysheep_cross_bottleneck, uniq_sigmund, uniq_pikel
D:6:      hellmonk_ruined_rings, layout_basic, kennysheep_little_box,
          portal_sewer_entry_d, serial_shops, nicolae_lakefront_shop,
          uniq_eustachio, uniq_jeremiah, uniq_blork_the_orc
D:7:      layout_loops_corners, minmay_temple_entry_statues_fountains,
          gammafunk_ghost_hive, minmay_ruined_shrine
D:8:      layout_basic, lemuel_flame_loot_1
D:9:      layout_roguey, mainiacjoe_overflow_catwalk_spiral, david_lair_generic
D:10:     layout_cave_pods, serial_shops, shop_statue, grunt_tough_drop
D:11:     layout_long_grid, orc_0_dummy, serial_demonic, serial_demonic_c,
          serial_demonic_d, serial_demonic_g, serial_demonic_f, uniq_lodul
Temple:   compressed_dpeg_triangle_lava_temple

Skill      XL: |  1  2  3  4  5  6  7  8  9 10 11 |
---------------+----------------------------------+-----
Maces & Flails | 3 4 5 6 |  6.7
Staves         | 2 4 7 9 10 12 | 12.5
Dodging        | 2 5 7 9 |  9.2
Fighting       | 4 6 8 9 |  9.9
Armour         | 4 6 8 |  8.4
Shields        | |  3.2

Action                     |  1- 3 |  4- 6 |  7- 9 | 10-12 || total
---------------------------+-------+-------+-------+-------++-------
  Melee: Flail             |    82 |    23 |       |       ||   105
         Mace              |       |    53 |       |       ||    53
         Quarterstaff      |       |    62 |   236 |   483 ||   781
 Invoke: Sacrifice Purity  |       |       |       |     1 ||     1
    Use: Scroll            |       |     8 |    10 |     6 ||    24
         Potion            |       |       |       |     5 ||     5
   Stab: Petrified         |       |       |     3 |       ||     3
         Paralysed         |       |       |     2 |       ||     2
         Petrifying        |       |       |     1 |       ||     1
 Armour: Scale mail        |    54 |    82 |   104 |   183 ||   423
         Skin              |       |       |       |   107 ||   107
  Dodge: Dodged            |    38 |    83 |   170 |   377 ||   668
  Block: Buckler           |    17 |    14 |       |       ||    31

Table legend: (Time is in decaauts)
 A = Elapsed time spent in this place.
 B = Non-inter-level travel time spent in this place.
 C = Inter-level travel time spent in this place.
 D = Time resting spent in this place.
 E = Time spent auto-exploring this place.
 F = Levels seen in this place.
 G = Mean time per level.
                   A        B        C        D        E       F      G
               +--------+--------+--------+--------+--------+-----+--------+
         Total |   6077 |   5814 |    263 |      4 |   3940 |  13 |  467.5 |
       Dungeon |   5661 |   5410 |    251 |      4 |   3643 |  11 |  514.6 |
        Temple |     30 |     18 |     12 |      0 |      0 |   1 |   30.0 |
         Sewer |    385 |    385 |      0 |      0 |    297 |   1 |  385.0 |
               +--------+--------+--------+--------+--------+-----+--------+

Top non-repeatable levels by time:
     D:9: 675 daAuts
    D:10: 659 daAuts
     D:7: 635 daAuts
     D:4: 625 daAuts
     D:2: 594 daAuts
     D:6: 567 daAuts
     D:8: 559 daAuts
     D:1: 527 daAuts
     D:3: 433 daAuts
   Sewer: 385 daAuts
     D:5: 341 daAuts
    D:11: 41 daAuts
  Temple: 30 daAuts
